 Dungeon Crawl Stone Soup version 0.25-a0-815-gab441bd002 (webtiles) character file.

Game seed: 15438026899540540427, levelgen mode: deterministic

114 Anathary the Poker (level 4, -3/34 HPs)
             Began as a Demonspawn Gladiator on Apr 20, 2020.
             Slain by Natasha (4 damage)
             ... on level 2 of the Dungeon.
             The game lasted 00:06:54 (1887 turns).

Anathary the Poker (Demonspawn Gladiator)           Turns: 1887, Time: 00:06:55

Health: -3/34      AC:  6    Str: 16    XL:     4   Next: 66%
Magic:  4/4        EV: 13    Int:  9    God:
Gold:   73         SH:  0    Dex: 14    Spells: 3/3 levels left

rFire    . . .     SeeInvis .   a - +0 trident
rCold    . . .     Gourm    .   (no shield)
rNeg     . . .     Faith    .   b - +0 leather armour
rPois    .         Spirit   .   c - +0 helmet
rElec    .         Reflect  .   (no cloak)
rCorr    .         Harm     .   (no gloves)
MR       .....                  (no boots)
Stlth    +.........             (no amulet)
HPRegen  0.11/turn              (no ring)
MPRegen  0.09/turn              (no ring)

@: no status effects
A: thin metallic scales 1, powered by death 1
a: no special abilities


You were on level 2 of the Dungeon.
You were not hungry.

You visited 1 branch of the dungeon, and saw 2 of its levels.

You collected 73 gold pieces.

Inventory:

Hand Weapons
 a - a +0 trident (weapon)
Missiles
 d - 3 throwing nets (quivered)
Armour
 b - a +0 leather armour (worn)
 c - a +0 helmet (worn)
Scrolls
 e - a scroll of identify {unknown}
 g - a scroll of immolation {unknown}
 j - 3 scrolls of teleportation {unknown}
 k - a scroll of enchant weapon {unknown}
Potions
 h - a potion of curing {unknown}
 i - a potion of magic {unknown}
 l - 2 potions of degeneration {unknown}
 m - a potion of stabbing {unknown}
Comestibles
 f - 3 rations


   Skills:
 + Level 2.8 Fighting
 + Level 4.4 Polearms
 - Level 1.9 Throwing
 - Level 2.9 Dodging


You had 3 spell levels left.
You didn't know any spells.
Your spell library was empty.

Dungeon Overview and Level Annotations

Branches:
Dungeon (2/15)

Altars:
Dithmenos

Annotations:
D:2 Natasha


Innate Abilities, Weirdness & Mutations

You are partially covered in thin metallic scales. (AC +2)
You regenerate a little health from kills.


Message History

Natasha is almost dead.
Natasha wildly gestures.
Natasha glows brightly for a moment.
Natasha casts a spell.
The white imp barely misses you.
You closely miss Natasha.
Natasha is almost dead.
Natasha misses you. The white imp hits you. The white imp freezes you.
* * * LOW HITPOINT WARNING * * *
The crimson imp blinks!
You closely miss Natasha.
Natasha is almost dead.
Natasha claws you!
* * * LOW HITPOINT WARNING * * *
The white imp gestures at you. The puff of frost misses you.
You hit Natasha but do no damage.
Natasha is almost dead.
Natasha claws you.
You die...

#.# #.###############.# #.# ###
#.# #....#####.. #'####
#.#####.######.##.....#.. .....#
#....<#.#...<#.######.#.. [....#
#.#####.#.####.# #....
.....####.#####(#......######....
.....'...........................
.....####.......5................
.....# ######..@###########.###.
.....# +.h5'.# #.......... .....#
#...#.# #........## ######
#..ยง#.####........#
#...#.#...........#
+...'.............'.
#...#.#...........## #
#...#.#...........# .#
#...............


You could see Natasha, a crimson imp and a white imp.

Vanquished Creatures
  Natasha (twice) (D:2)
  2 adders (D:2)
  2 dart slugs (D:1)
  A leopard gecko (D:1)
  2 ball pythons (D:1)
  A giant cockroach (D:2)
  5 goblins
  4 hobgoblins (D:1)
  6 jackals
  A quokka (D:2)
  4 bats
  3 frilled lizards (D:2)
  4 kobolds
  2 rats (D:2)
39 creatures vanquished.

Notes
Turn   | Place    | Note
-------+----------+-------------------------------------------
     0 | D:1      | Anathary the Demonspawn Gladiator began the quest for the
                  | Orb.
     0 | D:1      | Reached XP level 1. HP: 16/16 MP: 1/1
    45 | D:1      | Gained mutation: You regenerate a little health from kills.
                  | [demonic ancestry]
    45 | D:1      | Reached XP level 2. HP: 10/22 MP: 2/2
    56 | D:1      | Reached skill level 3 in Polearms
   897 | D:2      | Noticed Natasha
   909 | D:2      | Killed Natasha
   909 | D:2      | Gained mutation: You are partially covered in thin metallic
                  | scales. (AC +2) [demonic ancestry]
   909 | D:2      | Reached XP level 3. HP: 3/28 MP: 3/3
  1224 | D:2      | Found a shadowy altar of Dithmenos.
  1394 | D:2      | Reached XP level 4. HP: 34/34 MP: 4/4
  1434 | D:2      | Reached skill level 4 in Polearms
  1451 | D:2      | Noticed Natasha
  1462 | D:2      | Killed Natasha
  1876 | D:2      | Noticed Natasha
  1886 | D:2      | HP: 1/34 [Natasha (8)]
  1887 | D:2      | Slain by Natasha

Levels and vault maps discovered:
D:1:      saegor_arrival_simple_b, layout_rooms
D:2:      layout_basic, okawaru_ov_weapons_minmay, first_ration,
          grunt_dithmenos_smoke, uniq_robin, uniq_natasha

Skill      XL: |  1  2  3  4 |
---------------+-------------+-----
Polearms       | 3 4 |  4.4
Fighting       | |  2.8
Throwing       | |  1.9
Dodging        | |  2.9

Action                   |  1- 3 |  4- 6 || total
-------------------------+-------+-------++-------
Melee: Trident           |   106 |    61 ||   167
  Eat: Ration            |     1 |       ||     1
Armor: Leather armour    |    23 |    20 ||    43
Dodge: Dodged            |    71 |    49 ||   120

Table legend:
 A = Non-vault XP
 B = Vault XP
 C = Vault XP percentage of total XP
 D = Non-vault monster count
 E = Vault monster count
 F = Vault count percentage of total count
                 A         B        C        D         E       F
            +---------+---------+-------+---------+---------+-------
      Total |     128 |      35 |  21.5 |      38 |       1 |   2.6
            +---------+---------+-------+---------+---------+-------
        D:1 |      39 |       0 |   0.0 |      19 |       0 |   0.0
        D:2 |      89 |      35 |  28.2 |      19 |       1 |   5.0
            +---------+---------+-------+---------+---------+-------
